 Dungeon Crawl Stone Soup version 0.28.0-53-g5a82cb258f (webtiles) character file.

Game seed: 11597353991077695416

6 Tiocfaidh the Skirmisher (level 1, 0/14 HPs)
             Began as a Tengu Abyssal Knight on Aug 20, 2022.
             Was a Follower of Lugonu.
             Slain by a jackal (2 damage)
             ... on level 1 of the Dungeon.
             The game lasted 00:00:34 (88 turns).

Tiocfaidh the Skirmisher (Tengu Abyssal Knight)       Turns: 88, Time: 00:00:34

Health: 0/14       AC:  3    Str: 13    XL:     1   Next: 90%
Magic:  3/3        EV: 11    Int: 10    God:    Lugonu [*.....]
Gold:   9          SH:  0    Dex: 14    Spells: 0/0 levels left

rFire   . . .      SeeInvis .   a - +1 hand axe
rCold   . . .      Faith    .   (no shield)
rNeg    . . .      Spirit   .   b - +0 leather armour
rPois   .          Reflect  .   (helmet restricted)
rElec   .          Harm     .   (no cloak)
rCorr   .          Rampage  .   (no gloves)
Will    .....                   (boots unavailable)
Stlth   +.........              (no amulet)
HPRegen 0.04/turn               (no ring)
MPRegen 0.08/turn               (no ring)

@: no status effects
A: beak, talons 3
a: Renounce Religion, Depart the Abyss


You were on level 1 of the Dungeon.
You worshipped Lugonu.
Lugonu was aware of your devotion.
You visited 1 branch of the dungeon, and saw 1 of its levels.
You visited the Abyss 1 time.

You collected 9 gold pieces.

Inventory:

Hand Weapons
 a - a +1 hand axe (weapon)
Armour
 b - a +0 leather armour (worn)
Potions
 c - 2 potions of heal wounds {unknown}


   Skills:
 + Level 3.1 Fighting
 + Level 2.2 Axes
 + Level 2.2 Armour
 + Level 1.1 Dodging
 + Level 2.0 Invocations


You couldn't memorise any spells.
You didn't know any spells.
Your spell library was empty.

Dungeon Overview and Level Annotations

Branches:
Dungeon (1/15)

Altars:


Innate Abilities, Weirdness & Mutations

You have a beak for a mouth.
You have claws for feet.


Message History

Things that are here:
a +0 club; a giant cockroach corpse
There is an open door here.
c - 2 red potions You now have 9 gold pieces.
You open the door.
There is an open door here.
A kobold comes into view. It is wielding a +0 dagger.
You hit the kobold. You claw the kobold.
You kill the kobold!
Lugonu accepts your kill.
Things that are here:
a +0 dagger; 2 stones; a kobold corpse
Found 2 gold pieces.
A jackal comes into view.
A ball python and a bat come into view.
The ball python hisses angrily.
You closely miss the ball python.
You claw the ball python, but do no damage.
The jackal barks!
A jackal comes into view.
The ball python bites you. The ball python barely misses you.
The jackal closely misses you.
The ball python bites you but does no damage.
The ball python misses you. The bat hits you. The ball python bites you.
The ball python barely misses you. The bat hits you.
The bat closely misses you. The jackal bites you.
* * * LOW HITPOINT WARNING * * *
The bat hits you but does no damage. The bat hits you but does no damage.
The bat hits you.
* * * LOW HITPOINT WARNING * * *
The bat hits you but does no damage. The bat misses you. The jackal bites you.
* * * LOW HITPOINT WARNING * * *
The bat barely misses you. The bat barely misses you.
The jackal closely misses you. The bat hits you but does no damage.
The bat misses you. The jackal bites you.
You die...

#######.#######.###....#
#P≈≈≈≈#.#..P.P#.........
#P≈≈≈≈#.#..PPP#......#.
##P≈≈≈#.#.P.P##......#
##P≈≈#.#P.P###......###
##PP#.#PP####........#.##
####+####..'............
........#.##............
###@#.#####.........
#.hb#)## #.........
#..S...# #...###...
##......# #...# ##
#.......# #....
#.......####.....
#.........# ######....##
#.....#


You could see a jackal, a bat and a ball python.

Vanquished Creatures
  A giant cockroach (D:1)
  A goblin (D:1)
  2 kobolds (D:1)
  A bat (D:1)
5 creatures vanquished.

Notes
Turn   | Place    | Note
-------+----------+-------------------------------------------
     0 | Abyss:1  | Tiocfaidh the Tengu Abyssal Knight began the quest for the
                  | Orb.
     0 | Abyss:1  | Reached XP level 1. HP: 14/14 MP: 3/3
    16 | D:1      | Escaped the Abyss
    88 | D:1      | Slain by a jackal

Illustrated notes

Levels and vault maps discovered:
D:1:      psy_arrival_terrarium, layout_basic

Skill      XL: |  1 |
---------------+----+-----
Invocations    | 2 |  2.0
Fighting       | |  3.1
Axes           | |  2.2
Armour         | |  2.2
Dodging        | |  1.1

Action                   || total
-------------------------++-------
Melee: Hand axe          ||    10
       Kick              ||     5
Armor: Leather armour    ||    10
Dodge: Dodged            ||    16
